 Dungeon Crawl Stone Soup version 0.20.0-10-g0535bb4 (webtiles) character file.

31633 mcbry the Grappler (level 13, -5/131 HPs)
             Began as a Troll Hunter on June 6, 2017.
             Was the Champion of Okawaru.
             Slain by a komodo dragon (20 damage)
             ... on level 4 of the Lair of Beasts.
             The game lasted 01:49:45 (15297 turns).

mcbry the Grappler (Troll Hunter)                  Turns: 15297, Time: 01:49:45

Health: -5/131     AC: 10    Str: 27    XL:     13   Next: 27%
Magic:  15/15      EV: 15    Int:  7    God:    Okawaru [******]
Gold:   222        SH:  0    Dex: 20    Spells: 12/12 levels left

rFire    + . .     SeeInvis .     - Unarmed
rCold    + . .     Gourm    +   (no shield)
rNeg     + . .     Faith    .   K - +2 robe of Cujomafa {Regen+ Dex+4}
rPois    +         Spirit   .   X - -2 hat of the Alchemist {rElec rPois rF+ rC+ rN+ MR+ rMut rCorr}
rElec    +         Reflect  .   Y - +0 cloak
rCorr    +         Harm     .   (gloves unavailable)
rMut     +                      (boots unavailable)
MR       +....                  y - amulet of magic regeneration
Stlth    ++........             O - +4 ring of protection
Regen    1.2/turn               D - +6 ring of dexterity
MPRegen  0.3/turn

@: no status effects
A: unfitting armour, claws 3, fast metabolism 3, gourmand, regeneration 1,
shaggy fur 1, tough skin 2
a: Heroism, Finesse, Renounce Religion


You were on level 4 of the Lair of Beasts.
You worshipped Okawaru.
Okawaru was exalted by your worship.
You were not hungry.

You visited 2 branches of the dungeon, and saw 16 of its levels.
You visited 1 bazaar.

You collected 915 gold pieces.
You spent 693 gold pieces at shops.

Inventory:

Missiles
 a - a javelin of returning (quivered)
 l - 5 javelins
 E - a throwing net
 G - 4 large rocks
 H - 3 tomahawks
Armour
 u - a scarf of cloud immunity
 C - a +2 robe of cold resistance
 K - the +2 robe of Cujomafa (worn) {Regen+ Dex+4}
   (Okawaru gifted it to you on level 4 of the Lair of Beasts)

   It affects your dexterity (+4).
   It increases your rate of regeneration.
 R - a +0 troll leather armour
 X - the -2 hat of the Alchemist (worn) {rElec rPois rF+ rC+ rN+ MR+ rMut rCorr}
   (You bought it in a shop in a bazaar)

   It protects you from fire.
   It protects you from cold.
   It insulates you from electricity.
   It protects you from poison.
   It protects you from negative energy.
   It affects your resistance to hostile enchantments.
   It protects you from acid and corrosion.
   It protects you from mutation.
 Y - a +0 cloak (worn)
Jewellery
 p - an uncursed ring of poison resistance
 y - an amulet of magic regeneration (around neck)
 B - an uncursed ring of stealth
 D - a +6 ring of dexterity (right claw)
 I - an uncursed ring of flight
 J - an uncursed ring of ice
 L - an uncursed ring of stealth
 M - a +5 ring of intelligence
 O - a +4 ring of protection (left claw)
Wands
 j - a wand of flame (23/48)
 T - a wand of digging (13/24)
Scrolls
 b - 2 scrolls of amnesia
 d - a scroll of enchant weapon
 g - 3 scrolls of enchant armour
 k - 11 scrolls of remove curse
 m - a scroll of summoning {unknown}
 o - 4 scrolls of recharging
 N - a scroll of random uselessness {unknown}
 P - 5 scrolls of teleportation
 Q - 4 scrolls of magic mapping
Potions
 e - 6 potions of curing
 h - a potion of cancellation
 i - a potion of agility
 n - 3 potions of haste
 q - 2 potions of flight
 v - 3 potions of berserk rage
 w - a potion of heal wounds
 x - a potion of mutation
 z - a potion of brilliance
 A - a potion of magic
 F - a potion of degeneration {unknown}
 S - 2 potions of might {unknown}
Books
 U - a book of Minor Magic

   Spells                             Type                      Level
   a - Magic Dart                     Conjuration                  1
   b - Blink                          Translocation                2
   c - Call Imp                       Summoning                    2
   d - Slow                           Hexes                        2
   e - Conjure Flame                  Conjuration/Fire             3
   f - Mephitic Cloud                 Conjuration/Poison/Air       3
Miscellaneous
 c - a lamp of fire
Comestibles
 f - 13 bread rations
 r - 6 meat rations
 s - 29 fruits
 t - 7 royal jellies


   Skills:
 + Level 9.2 Fighting
 + Level 10.3 Throwing
 + Level 7.1 Dodging
 - Level 0.3 Stealth
 * Level 14.1 Unarmed Combat
 - Level 4.0 Invocations


You had 12 spell levels left.
You didn't know any spells.

Dungeon Overview and Level Annotations

Branches:
Dungeon (11/15)            Temple (0/1) D:5            Lair (5/6) D:11
 Shoals (0/4) Lair:3        Snake (0/4) Lair:2          Orc (0/2) D:9
  Slime: Lair:5-6

Altars:
Elyvilon
Fedhas
Gozag
Hepliaklqana
Okawaru
Qazlal
Sif Muna
Trog
Vehumet
Xom
Zin
The Shining One

Shops:
D:4 }   D:5 *   D:6 (   D:8 %

Annotations:
Lair:2 exclusion: 3 oklob plants


Innate Abilities, Weirdness & Mutations

You are too large for most types of armour.
You have claws for hands.
Your metabolism is lightning-fast.
You like to eat raw meat.
Your natural rate of healing is unusually fast.
You are covered in fur. (AC +1)
You have very tough skin. (AC +2)


Message History

The four-headed hydra barely misses you.
The four-headed hydra bites you.
The four-headed hydra completely misses you.
The four-headed hydra barely misses you.
The four-headed hydra bites you. The four-headed hydra bites you!
* * * LOW HITPOINT WARNING * * *
The four-headed hydra bites you!
* * * LOW HITPOINT WARNING * * *
There is a stone staircase leading up, spattered with blood here.
Okay, then.
Okay, then.
You feel much better.
The four-headed hydra closely misses you.
The four-headed hydra bites you!
* * * LOW HITPOINT WARNING * * *
The four-headed hydra barely misses you.
The four-headed hydra bites you!
* * * LOW HITPOINT WARNING * * *
The komodo dragon bites you!!
You die...

##....#...###....P# ##...
##...####...##...### ##...#
#...## ##..#....P## ##..### ...##
##...<....# ######†..# ..##
###........####.#.....###
..######P...................#..#
.###..#.................#......##
###.................#####........
###..........##.@..#### #..####..
##........####..Dl.P#.###.## ###
.....PP..## #.#>PP...##..# #
.....P#.## ####......P..#
....##### #.........# ..###
##.........# #.# ##..........##
### #.#..........##
##.........P..#


You could see a four-headed hydra and a komodo dragon.

Vanquished Creatures
  Gastronok (D:8)
  2 hydras
  Fannar (Lair:3)
  Urug (Lair:1)
  4 two-headed ogres
  Sonja (Lair:2)
  Pikel (D:7)
  An ugly thing (D:11)
  6 elephants (Lair:4)
  A black mamba (Lair:1)
  Joseph (D:7)
  5 spiny frogs
  A centaur skeleton (D:10)
  A rime drake (Lair:3)
  4 komodo dragons
  A troll (D:10)
  A polar bear (Lair:3)
  The ghost of DogShitOnMyToe the Chopper, a novice VSAs (D:5)
  A hornet (D:10)
  Prince Ribbit (Lair:1)
  2 hippogriffs
  11 blink frogs
  A wyvern (Lair:3)
  28 yaks
  3 basilisks
  2 hungry ghosts
  5 porcupines
  9 water moccasins
  Duvessa (D:4)
  2 ice beasts
  2 black bears
  A sky beast (D:10)
  3 eyes of draining
  12 orc warriors
  5 ogres
  A phantom (D:5)
  5 wolves
  5 centaurs
  13 crocodiles
  15 bullfrogs
  A big kobold (D:9)
  2 wyvern zombies
  A gnoll sergeant (D:11)
  5 scorpions
  Dowan (D:4)
  3 killer bees (D:8)
  3 howler monkeys (D:9)
  4 wights (D:9)
  8 crimson imps
  A centaur zombie (D:7)
  3 jellies
  2 quasits (D:4)
  2 bullfrog zombies
  5 orc priests
  Crazy Yiuf (D:5)
  3 bullfrog skeletons
  5 hounds
  Ijyb (D:4)
  An iguana (D:6)
  12 orc wizards
  15 worker ants
  A killer bee zombie (D:6)
  11 adders
  13 gnolls
  3 shadow imps
  An ooze (D:4)
  2 adder zombies (D:6)
  An adder skeleton (D:4)
  3 worms (D:2)
  A dart slug (D:4)
  3 leopard geckos
  33 orcs
  5 giant cockroaches
  10 goblins
  5 hobgoblins
  5 jackals
  14 kobolds
  6 quokkas
  3 ball pythons
  4 bats
  11 frilled lizards
  A quokka zombie (D:5)
  10 rats
  A butterfly (Lair:4)
388 creatures vanquished.

Vanquished Creatures (others)
  A slave (D:7)
  A howler monkey (D:7)
  5 fungi
  5 plants
12 creatures vanquished.

Grand Total: 400 creatures vanquished

Notes
Turn   | Place    | Note
-------+----------+-------------------------------------------
     0 | D:1      | mcbry the Troll Hunter began the quest for the Orb.
     0 | D:1      | Reached XP level 1. HP: 19/19 MP: 0/0
   224 | D:2      | Reached skill level 1 in Unarmed Combat
   224 | D:2      | Reached XP level 2. HP: 20/28 MP: 1/1
   374 | D:3      | Reached XP level 3. HP: 33/35 MP: 2/2
   473 | D:3      | Found an iron altar of Okawaru.
   481 | D:3      | Became a worshipper of Warmaster Okawaru
   667 | D:2      | Reached skill level 2 in Unarmed Combat
  1380 | D:2      | Reached XP level 4. HP: 41/42 MP: 3/3
  1897 | D:3      | Found a white marble altar of Elyvilon.
  1899 | D:3      | Found a hazy altar of Hepliaklqana.
  1919 | D:3      | Noticed a bullfrog
  1927 | D:3      | Killed a bullfrog
  1927 | D:3      | Reached skill level 3 in Unarmed Combat
  1927 | D:3      | Reached XP level 5. HP: 35/49 MP: 4/4
  2634 | D:4      | Noticed an ogre
  2661 | D:4      | Killed an ogre
  2764 | D:4      | Noticed Duvessa
  2764 | D:4      | Noticed Dowan
  2768 | D:4      | Killed Dowan
  2768 | D:4      | Reached * piety under Okawaru
  2768 | D:4      | Reached skill level 4 in Unarmed Combat
  2768 | D:4      | Reached XP level 6. HP: 59/59 MP: 5/5
  2841 | D:4      | Killed Duvessa
  2841 | D:4      | Reached skill level 5 in Throwing
  2920 | D:4      | Found a deep blue altar of Sif Muna.
  2920 | D:4      | Found Vaiggado's Gadget Shoppe.
  2991 | D:4      | Noticed Ijyb
  2997 | D:4      | Killed Ijyb
  3135 | D:4      | Reached XP level 7. HP: 37/67 MP: 6/6
  3469 | D:4      | D4 needs digging or disintigration
  3469 | D:4      | ?
  3471 | D:5      | Entered Level 5 of the Dungeon
  3489 | D:5      | Reached skill level 5 in Unarmed Combat
  3572 | D:5      | Reached skill level 1 in Invocations
  3617 | D:5      | Found a glowing golden altar of the Shining One.
  3690 | D:5      | Reached ** piety under Okawaru
  3716 | D:5      | Found a bloodstained altar of Trog.
  3852 | D:5      | Reached skill level 6 in Unarmed Combat
  3852 | D:5      | Reached XP level 8. HP: 54/78 MP: 6/8
  3970 | D:5      | Found a runed door.
  3974 | D:5      | Noticed Crazy Yiuf
  3975 | D:5      | Killed Crazy Yiuf
  4106 | D:5      | Found a staircase to the Ecumenical Temple.
  4110 | D:5      | Found Zin's Purification Station.
  4114 | D:5      | Found a glowing silver altar of Zin.
  4184 | D:5      | Noticed DogShitOnMyToe's ghost (novice VSAs)
  4186 | D:5      | Killed DogShitOnMyToe's ghost
  4381 | D:6      | Reached *** piety under Okawaru
  4381 | D:6      | Reached skill level 7 in Unarmed Combat
  4716 | D:6      | Reached XP level 9. HP: 59/87 MP: 10/10
  4754 | D:6      | Reached skill level 5 in Fighting
  4800 | D:6      | Reached **** piety under Okawaru
  4859 | D:6      | Found Ysepnanu's Weapon Shop.
  5210 | D:7      | Reached skill level 8 in Unarmed Combat
  5550 | D:7      | Found a blossoming altar of Fedhas.
  5782 | D:7      | Noticed Pikel
  5788 | D:7      | Killed Pikel
  6081 | D:7      | Found a radiant altar of Vehumet.
  6083 | D:7      | Found a shimmering altar of Xom.
  6095 | D:7      | come up different stairs to D7.
  6095 | D:7      | Noticed Joseph
  6102 | D:7      | Killed Joseph
  6102 | D:7      | Reached skill level 9 in Unarmed Combat
  6265 | D:7      | Found a stormy altar of Qazlal.
  6268 | D:7      | Found an opulent altar of Gozag.
  6360 | D:8      | Reached XP level 10. HP: 98/98 MP: 12/12
  6396 | D:8      | Noticed Gastronok
  6470 | D:8      | Killed Gastronok
  6470 | D:8      | Reached ***** piety under Okawaru
  6470 | D:8      | Reached skill level 10 in Unarmed Combat
  6862 | D:8      | Found Fasti's Food Shop.
  6961 | D:8      | Noticed a two-headed ogre
  6969 | D:8      | Killed a two-headed ogre
  6969 | D:8      | Received a gift from Okawaru
  6972 | D:8      | Got a faintly glowing great mace {god gift}
  6973 | D:8      | Identified the +0 great mace of Zetyl {flame, rF+ rC+ Dex+4} (Okawaru gifted it to you on level 8 of the Dungeon)
  7780 | D:9      | Noticed a two-headed ogre
  7798 | D:9      | Killed a two-headed ogre
  7798 | D:9      | Reached XP level 11. HP: 17/107 MP: 7/13
  8269 | D:9      | Reached skill level 11 in Unarmed Combat
  8271 | D:9      | Found a staircase to the Orcish Mines.
  8590 | D:10     | Entered Level 10 of the Dungeon
  8608 | D:10     | Noticed a two-headed ogre
  8617 | D:10     | Killed a two-headed ogre
  8617 | D:10     | Received a gift from Okawaru
  8758 | D:10     | Reached skill level 5 in Dodging
  9044 | D:10     | Noticed a two-headed ogre
  9048 | D:10     | Killed a two-headed ogre
  9446 | D:11     | Found a flickering gateway to a bazaar.
  9472 | Bazaar   | Entered a bazaar
  9472 | Bazaar   | Found Ucuts's Magic Scroll Boutique.
  9472 | Bazaar   | Found Nouzanut's Weapon Shoppe.
  9472 | Bazaar   | Found Ytosuox's Jewellery Shop.
  9472 | Bazaar   | Found Saphesuc's Assorted Antiques.
  9474 | Bazaar   | Found Gaxt's Armour Emporium.
  9506 | Bazaar   | Bought a scroll of blinking for 127 gold pieces
  9517 | Bazaar   | Bought the -2 hat of the Alchemist {rElec rPois rF+ rC+ rN+ MR+ rMut rCorr} for 566 gold pieces
  9825 | D:11     | Noticed a green ugly thing
  9832 | D:11     | Killed a green ugly thing
 10076 | D:11     | Received a gift from Okawaru
 10081 | D:11     | Found a staircase to the Lair.
 10259 | Lair:1   | Entered Level 1 of the Lair of Beasts
 10348 | Lair:1   | Reached skill level 12 in Unarmed Combat
 10833 | Lair:1   | Noticed a four-headed hydra
 10843 | Lair:1   | Killed a nine-headed hydra
 10843 | Lair:1   | Received a gift from Okawaru
 10843 | Lair:1   | Reached XP level 12. HP: 61/119 MP: 6/14
 11495 | Lair:2   | Noticed Urug
 11498 | Lair:2   | Noticed Prince Ribbit
 11955 | Lair:1   | Killed Prince Ribbit
 12186 | Lair:1   | Killed Urug
 12307 | Lair:2   | Found a staircase to the Snake Pit.
 12360 | Lair:2   | Noticed Sonja
 12471 | Lair:2   | Reached ****** piety under Okawaru
 12672 | Lair:2   | Received a gift from Okawaru
 12836 | Lair:2   | Killed Sonja
 12836 | Lair:2   | Reached skill level 13 in Unarmed Combat
 13071 | Lair:3   | Noticed Fannar
 13093 | Lair:3   | Killed Fannar
 13700 | Lair:3   | Found a staircase to the Shoals.
 14018 | Lair:3   | Reached skill level 10 in Throwing
 14026 | Lair:3   | Received a gift from Okawaru
 14301 | Lair:4   | Reached XP level 13. HP: 117/130 MP: 15/15
 14499 | Lair:4   | Reached skill level 14 in Unarmed Combat
 15098 | Lair:4   | Received a gift from Okawaru
 15105 | Lair:4   | Got a steaming robe {god gift}
 15121 | Lair:4   | Identified the +2 robe of Cujomafa {Regen+ Dex+4} (Okawaru gifted it to you on level 4 of the Lair of Beasts)
 15297 | Lair:4   | Slain by a komodo dragon

Skill      XL: |  1  2  3  4  5  6  7  8  9 10 11 12 13 |
---------------+----------------------------------------+-----
Unarmed Combat | 1 2 3 4 6 7 9 10 12 13 14 | 14.1
Throwing       | 4 5 6 7 8 9 10 | 10.3
Fighting       | 2 3 4 5 6 7 8 9 |  9.2
Invocations    | 2 3 4 |  4.0
Dodging        | 3 4 5 6 7 |  7.1
Stealth        | |  0.3

Action                   |  1- 3 |  4- 6 |  7- 9 | 10-12 | 13-15 || total
-------------------------+-------+-------+-------+-------+-------++-------
Melee: Unarmed           |    98 |   126 |   181 |   640 |    70 ||  1115
       Punch             |     1 |     1 |     8 |    46 |     7 ||    63
Throw: Large rock        |     1 |     6 |     7 |    25 |       ||    39
       Throwing net      |       |     2 |     1 |     1 |       ||     4
       Tomahawk          |       |       |    26 |    19 |       ||    45
       Javelin           |       |       |       |    32 |    20 ||    52
Invok: Heroism           |       |     1 |     2 |    12 |     1 ||    16
       Finesse           |       |       |       |     5 |       ||     5
Evoke: Wand              |       |       |       |     1 |       ||     1
  Use: Scroll            |       |     9 |     2 |    12 |     2 ||    25
       Potion            |       |     1 |       |     2 |     1 ||     4
 Stab: Sleeping          |     2 |     2 |       |     2 |       ||     6
       Distracted        |       |       |       |     1 |       ||     1
  Eat: Chunk             |    17 |    14 |    33 |    51 |    11 ||   126
       Bread ration      |       |       |       |     1 |       ||     1
       Fruit             |       |       |       |     2 |       ||     2
       Meat ration       |       |       |       |     1 |       ||     1
       Royal jelly       |       |       |       |     1 |       ||     1
Armor: Robe              |    31 |    33 |    33 |    35 |     1 ||   133
       Troll leather arm |       |       |       |   100 |    10 ||   110
Dodge: Dodged            |    49 |    47 |    64 |   329 |    33 ||   522
